 Dungeon Crawl Stone Soup version 0.30.1-4-g462c640d31 (webtiles) character file.

Game seed: 6892395169307492465

176 safid the Chiller (level 5, -1/41 HPs)
             Began as a Merfolk Ice Elementalist on Aug 21, 2023.
             Slain by a giant cockroach (2 damage)
             ... on level 4 of the Dungeon.
             The game lasted 00:04:36 (3286 turns).

safid the Chiller (Merfolk Ice Elementalist)        Turns: 3286, Time: 00:04:37

Health: -1/41      AC:  8    Str:  9    XL:     5   Next: 56%
Magic:  6/9        EV: 12    Int: 16    God:
Gold:   156        SH:  0    Dex: 14    Spells: 3/10 levels left

rFire   . . .        e - +0 dagger
rCold   + . .        (no shield)
rNeg    . . .        a - +0 robe
rPois   .            (no helmet)
rElec   .            (no cloak)
rCorr   .            (no gloves)
SInv    .            (no boots)
Will    .....        p - amulet of magic regeneration
Stlth   ++           o - ring of protection from cold
HPRegen 0.26/turn    (no ring)
MPRegen 0.51/turn

%: no passive effects
@: ice-armoured, freezing walls
A: (nimble swimmer 2), mertail
a: no special abilities


You were on level 4 of the Dungeon.
You visited 1 branch of the dungeon, and saw 4 of its levels.

You collected 156 gold pieces.

Inventory:

Hand Weapons
 e - a +0 dagger (weapon)
Armour
 a - a +0 robe (worn)
Jewellery
 o - a ring of protection from cold (left hand)
 p - an amulet of magic regeneration (around neck)
Wands
 m - a wand of light (3)
Scrolls
 c - a scroll of immolation {unknown}
 d - 4 scrolls of identify {unknown}
 g - a scroll of enchant weapon {unknown}
 h - 2 scrolls of teleportation {unknown}
 i - a scroll of amnesia {unknown}
 j - a scroll of acquirement {unknown}
 n - a scroll of blinking {unknown}
 q - a scroll of silence {unknown}
 r - 2 scrolls of magic mapping {unknown}
 t - a scroll of poison {unknown}
Potions
 b - 3 potions of magic
 f - a potion of degeneration {unknown}
 k - a potion of resistance {unknown}
 l - a potion of curing {unknown}
 s - a potion of might {unknown}
 u - a potion of berserk rage {unknown}
 v - a potion of haste {unknown}


   Skills:
 + Level 3.0 Fighting
 - Level 2.6 Dodging
 - Level 2.1 Stealth
 + Level 3.3 Spellcasting
 + Level 5.5 Ice Magic


You had 3 spell levels left.
You knew the following spells:

 Your Spells              Type           Power      Damage    Failure   Level
a - Freeze                Ice            80%        1d9       1%          1
b - Frozen Ramparts       Ice            40%        1d7       5%          3
c - Ozocubu's Armour      Ice            20%        N/A       5%          3

Your spell library contained the following spells:

 Spells                   Type           Power      Damage    Failure   Level
 Summon Ice Beast         Ice/Summ       11%        N/A       50%         4


Dungeon Overview and Level Annotations

Branches:
Dungeon (4/15)
 Temple: D:4-7

Altars:
Ashenzari
The Shining One


Innate Abilities, Weirdness & Mutations

((You are very nimble when in or above water. (Stealth+, EV+, Speed+++)))
Your lower body shifts to a powerful aquatic tail in water.


Message History

Your icy armour cracks and falls away as you move.
A giant cockroach and a goblin come into view.
Casting: Ozocubu's Armour (dangerous; 5% risk of failure)
Confirm with . or Enter, or press ? or * to list all spells.
A film of ice covers your body!
The goblin shouts!
The phantom hits you.
* * * LOW HITPOINT WARNING * * *
The phantom hits you but does no damage.
Unknown command.
You hit the phantom but do no damage.
The phantom is severely damaged.
The phantom hits you but does no damage.
You hit the phantom but do no damage.
The phantom is severely damaged.
The phantom closely misses you.
Casting: Ozocubu's Armour (dangerous; 5% risk of failure)
Confirm with . or Enter, or press ? or * to list all spells.
Casting: Frozen Ramparts (dangerous; 5% risk of failure)
Press: ? - help, Dir - look around, f - activate The walls around you are covered in ice.
The phantom completely resists.
The wall freezes the phantom but does no damage.
The phantom hits you.
* * * LOW HITPOINT WARNING * * *
The wall freezes the goblin.
You kill the goblin!
The wall freezes the giant cockroach.
You hit the phantom.
The phantom is almost destroyed.
The phantom completely resists.
The wall freezes the phantom but does no damage.
The phantom hits you.
* * * LOW HITPOINT WARNING * * *
The wall freezes the giant cockroach.
You closely miss the phantom.
The phantom is almost destroyed.
The wall freezes the giant cockroach but does no damage.
The giant cockroach bites you.
You die...

#...# .##.. #:..#
..$...# #...#
#......# #...#
.......#
####...######.......#
..............#.....#
....................
..............###)#.#
##.#....#####...@W..#
#.#....# #####B###
#....# ... #....#
###.# # #....# .. .
.....# .. # #...## .
.....


You could see a phantom and a giant cockroach.

Vanquished Creatures
  4 orc wizards
  An adder (D:2)
  3 worms
  6 orcs
  2 endoplasms
  2 giant cockroaches (D:2)
  5 goblins
  3 hobgoblins
  11 kobolds
  A quokka (D:4)
  4 ball pythons (D:1)
  9 bats
  7 frilled lizards
  4 rats (D:1)
62 creatures vanquished.

Notes
Turn   | Place    | Note
-------+----------+-------------------------------------------
     0 | D:1      | safid the Merfolk Ice Elementalist began the quest for the
                  | Orb.
     0 | D:1      | Reached XP level 1. HP: 13/13 MP: 3/3
   232 | D:1      | Reached XP level 2. HP: 15/20 MP: 0/5
   335 | D:1      | Reached skill level 1 in Fighting
   650 | D:1      | Found a faded altar of an unknown god.
  1133 | D:2      | HP: 1/21 [giant cockroach (2)]
  1143 | D:2      | Reached XP level 3. HP: 4/26 MP: 0/6
  1147 | D:2      | Learned a level 3 spell: Frozen Ramparts
  1915 | D:3      | Learned a level 3 spell: Ozocubu's Armour
  2068 | D:3      | Reached skill level 5 in Ice Magic
  2069 | D:3      | Reached XP level 4. HP: 5/33 MP: 3/8
  2245 | D:3      | Found a glowing golden altar of the Shining One.
  2444 | D:3      | Found a broken altar of Ashenzari.
  3006 | D:4      | Reached XP level 5. HP: 39/39 MP: 5/9
  3096 | D:4      | Noticed a phantom
  3285 | D:4      | HP: 1/41 [phantom (5)]
  3286 | D:4      | Slain by a giant cockroach

Illustrated notes

Levels and vault maps discovered:
D:1:      lightli_arrival_isolated_outpost, layout_basic,
          ebering_ecumenical_altar_petrified
D:2:      layout_basic
D:3:      layout_loops_ring, mainiacjoe_overflow_chevrons,
          nicolae_tso_carved_into_rock, kennysheep_small_spiral,
          chequers_garden, hangedman_decor_points
D:4:      layout_loops_cross

Skill      XL: |  1  2  3  4  5 |
---------------+----------------+-----
Fighting       | 1 2 3 |  3.0
Ice Magic      | 5 |  5.5
Spellcasting   | 3 |  3.3
Dodging        | |  2.6
Stealth        | |  2.1

Action                     |  1- 3 |  4- 6 || total
---------------------------+-------+-------++-------
  Melee: Dagger            |    78 |   117 ||   195
         Unarmed           |     1 |       ||     1
         Punch             |       |     2 ||     2
   Cast: Freeze            |    45 |    12 ||    57
         Frozen Ramparts   |     1 |     3 ||     4
         Ozocubu's Armour  |       |    13 ||    13
   Stab: Sleeping          |     5 |       ||     5
 Armour: Robe              |    24 |    61 ||    85
  Dodge: Dodged            |    74 |    79 ||   153
